 Dungeon Crawl Stone Soup version 0.28-a0-643-g84cb2ea78e (webtiles) character file.

Game seed: 14053455188352968737

1017 Fingolfin the Skirmisher (level 7, -3/60 HPs)
             Began as a Demigod Fire Elementalist on Sept 22, 2021.
             Slain by a gnoll shaman (9 damage)
             ... on level 5 of the Dungeon on Oct 10, 2021.
             The game lasted 00:17:08 (5521 turns).

Fingolfin the Skirmisher (DgFE)                     Turns: 5521, Time: 00:17:09

Health: -3/60      AC:  3    Str:  9    XL:     7   Next: 70%
Magic:  3/16       EV: 12    Int: 25    God:
Gold:   188        SH:  0    Dex: 14    Spells: 7/14 levels left

rFire   . . .      SeeInvis .   g - +0 dagger (venom)
rCold   . . .      Faith    .   (no shield)
rNeg    . . .      Spirit   .   a - +0 robe
rPois   .          Reflect  .   i - +0 helmet
rElec   .          Harm     .   (no cloak)
rCorr   .          Rampage  .   (no gloves)
Will    .....                   (no boots)
Stlth   ++........              (no amulet)
HPRegen 0.20/turn               (no ring)
MPRegen 0.15/turn               (no ring)

@: very slightly contaminated
A: high mp 1, forlorn
a: no special abilities


You were on level 5 of the Dungeon.
You visited 2 branches of the dungeon, and saw 6 of its levels.

You collected 240 gold pieces.
You spent 52 gold pieces at shops.

Inventory:

Hand Weapons
 g - a +0 dagger of venom (weapon)
 o - a +2 whip of draining
Missiles
 d - 17 curare-tipped darts
 f - 10 poisoned darts
 l - 2 throwing nets
Armour
 a - a +0 robe (worn)
 e - a +0 kite shield
 i - a +0 helmet (worn)
Wands
 q - a wand of iceblast (10)
 t - a wand of polymorph (5)
Scrolls
 b - 3 scrolls of teleportation
 c - 2 scrolls of identify
 h - 2 scrolls of amnesia
 j - a scroll of acquirement {unknown}
 k - a scroll of fog
 m - a scroll of torment {unknown}
 p - 2 scrolls of brand weapon {unknown}
 r - a scroll of enchant armour {unknown}
 s - a scroll of vulnerability {unknown}
Potions
 n - a potion of heal wounds
 u - a potion of flight {unknown}
 v - 2 potions of berserk rage {unknown}


   Skills:
 + Level 4.3 Fighting
 + Level 1.4 Armour
 + Level 2.4 Dodging
 + Level 2.5 Stealth
 - Level 4.0 Spellcasting
 - Level 4.0 Conjurations
 - Level 4.0 Fire Magic


You had 7 spell levels left.
You knew the following spells:

 Your Spells              Type           Power      Damage    Failure   Level
a - Foxfire               Conj/Fire      100%       2x1d9     1%          1
b - Scorch                Fire           50%        2d7       2%          2
c - Flame Wave            Conj/Fire      25%        3d6       17%         4

Your spell library contained the following spells:

 Spells                   Type           Power      Damage    Failure   Level
 Conjure Flame            Conj/Fire      25%        6-21      5%          3
 Inner Flame              Hex/Fire       15%        N/A       12%         3
 Gell's Gravitas          Tloc           2%         N/A       26%         3
 Teleport Other           Tloc           5%         N/A       26%         3
 Dispersal                Tloc           2%         N/A       100%        6


Dungeon Overview and Level Annotations

Branches:
Dungeon (5/15)             Temple (1/1) D:5

Shops:
D:1 *


Innate Abilities, Weirdness & Mutations

Your attributes grow dramatically as you level up.
You have an increased reservoir of magic. (+10% MP)
You shall have no god before yourself.


Message History

The flame wave engulfs the gnoll!
The gnoll is almost dead.
The flame wave engulfs the gnoll shaman!
You kill the gnoll shaman!
The flame wave engulfs the gnoll!
You kill the gnoll!
The flame wave engulfs the gnoll shaman!
The gnoll shaman is heavily wounded.
The flame wave engulfs the gnoll!
The gnoll is almost dead.
You finish channelling waves of flame.
The gnoll throws a throwing net.
The throwing net hits you.
You become entangled in the net!
Casting: Flame Wave (dangerous; 17% risk of failure)
Confirm with . or Enter, or press ? or * to list all spells.
Casting: Flame Wave (dangerous; 17% risk of failure)
Press: ? - help, Dir - look around, f - activate You miscast Flame Wave.
You are very lightly contaminated with residual magic.
Sparks fly from your hands!
You struggle against the net.
The gnoll hits you with a +0 club.
You struggle against the net.
The gnoll hits you with a +0 club. The gnoll hits you with a +0 whip!
The gnoll shaman barely misses you.
You struggle against the net.
The gnoll completely misses you. The gnoll hits you with a +0 whip.
The gnoll shaman hits you with a +0 club!
You struggle against the net.
The gnoll hits you with a +0 club. The gnoll hits you with a +0 whip.
* * * LOW HITPOINT WARNING * * *
The gnoll shaman hits you but does no damage.
You struggle against the net.
The gnoll hits you but does no damage. The gnoll hits you with a +0 whip.
* * * LOW HITPOINT WARNING * * *
The gnoll shaman hits you with a +0 club.
* * * LOW HITPOINT WARNING * * *
You rip the net and break free!
The gnoll hits you with a +0 club.
* * * LOW HITPOINT WARNING * * *
The gnoll hits you with a +0 whip.
* * * LOW HITPOINT WARNING * * *
The gnoll shaman hits you with a +0 club!
You die...

#....## ......
..... ....
#..##### .g)...
###
########gg######.#
#...)..)@g##.....#
#..#
#.##########.###.#
#..#
#..#########.# #.#
#..#
#............# #.#
..#
#..#############.#
... #..# #.....#
#.# #..# #.#####
#.# #..# #.#
##.######..# #.#


You could see a gnoll shaman and 3 gnolls.

Vanquished Creatures
  Edmund (D:5)
  An ice beast (D:4)
  An ogre (D:5)
  A necrophage (D:4)
  A kobold brigand (D:4)
  A scorpion (D:4)
  2 bullfrog zombies (D:5)
  An orc priest (D:3)
  A gnoll shaman (D:5)
  3 hounds
  An iguana (D:5)
  2 orc wizards (D:3)
  A hound skeleton (D:4)
  4 adders
  8 gnolls
  A white imp (D:5)
  An adder skeleton (D:4)
  3 worms
  2 dart slugs (D:4)
  7 orcs
  7 ball pythons
  6 endoplasms
  2 giant cockroaches
  5 goblins
  7 hobgoblins
  8 jackals
  6 kobolds
  2 quokkas
  3 bats
  A frilled lizard (D:2)
  6 rats
96 creatures vanquished.

Vanquished Creatures (others)
  239 foxfires
239 creatures vanquished.

Grand Total: 335 creatures vanquished

Notes
Turn   | Place    | Note
-------+----------+-------------------------------------------
     0 | D:1      | Fingolfin the Demigod Fire Elementalist began the quest for
                  | the Orb.
     0 | D:1      | Reached XP level 1. HP: 14/14 MP: 5/5
   163 | D:1      | Reached skill level 1 in Conjurations
   349 | D:1      | Reached XP level 2. HP: 20/20 MP: 0/7
   352 | D:1      | Learned a level 2 spell: Scorch
   620 | D:1      | Found Uptotz's General Store.
   638 | D:1      | Bought a scroll of identify for 26 gold pieces
  1009 | D:2      | Reached XP level 3. HP: 26/26 MP: 0/8
  1231 | D:1      | Bought a scroll of fog for 26 gold pieces
  1765 | D:3      | Reached XP level 4. HP: 33/33 MP: 3/10
  1998 | D:3      | HP: 1/33 [gnoll (3)]
  2350 | D:3      | Reached XP level 5. HP: 38/38 MP: 2/12
  3100 | D:3      | Learned a level 4 spell: Flame Wave
  3628 | D:4      | Upgraded the game from 0.28-a0-514-g0d7ab7f379 to
                  | 0.28-a0-643-g84cb2ea78e
  3659 | D:4      | Identified the +0 leather armour of Miotzive {Dex+3}
  3770 | D:4      | Reached XP level 6. HP: 45/45 MP: 8/14
  4572 | D:5      | Entered Level 5 of the Dungeon
  4579 | D:5      | Noticed Edmund
  4591 | D:5      | Killed Edmund
  4592 | D:5      | Reached XP level 7. HP: 57/57 MP: 4/16
  4995 | D:5      | Reached skill level 1 in Armour
  5162 | D:5      | Found a staircase to the Ecumenical Temple.
  5176 | Temple   | Entered the Ecumenical Temple
  5521 | D:5      | Slain by a gnoll shaman

Illustrated notes

Levels and vault maps discovered:
D:1:      scummos_arrival_checkerplants, layout_basic, serial_shops,
          nicolae_shop_waterfront
D:2:      layout_basic, ebering_ecumenical_altar_mist
D:3:      layout_loops_corners, hangedman_decor_slide_cut
D:4:      minmay_clustersquares, layout_cave_pools,
          mainiacjoe_overflow_concentric_impassable
D:5:      layout_basic, minmay_temple_entry_antechambers,
          hangedman_decor_diamond_cutter, uniq_edmund
Temple:   compressed_dpeg_triangle_lava_temple

Skill      XL: |  1  2  3  4  5  6  7 |
---------------+----------------------+-----
Conjurations   | 1 2 3 4 |  4.0
Fire Magic     | 3 4 |  4.0
Spellcasting   | 2 3 4 |  4.0
Fighting       | 3 4 |  4.3
Stealth        | 2 |  2.5
Dodging        | 2 |  2.4
Armour         | 1 |  1.4

Action                   |  1- 3 |  4- 6 |  7- 9 || total
-------------------------+-------+-------+-------++-------
Melee: Dagger            |     2 |     9 |       ||    11
 Cast: Foxfire           |    56 |    73 |    12 ||   141
       Scorch            |     3 |    40 |    12 ||    55
       Flame Wave        |       |       |     2 ||     2
  Use: Scroll            |     2 |     1 |       ||     3
 Stab: Sleeping          |     1 |       |       ||     1
Armor: Robe              |     4 |     7 |     2 ||    13
Dodge: Dodged            |     8 |    23 |    11 ||    42

Table legend: (Time is in decaauts)
 A = Elapsed time spent in this place.
 B = Non-inter-level travel time spent in this place.
 C = Inter-level travel time spent in this place.
 D = Time resting spent in this place.
 E = Time spent auto-exploring this place.
 F = Levels seen in this place.
 G = Mean time per level.
                   A        B        C        D        E       F      G
               +--------+--------+--------+--------+--------+-----+--------+
         Total |   5523 |   5079 |    444 |   1696 |   2628 |   6 |  920.5 |
       Dungeon |   5290 |   4855 |    435 |   1696 |   2419 |   5 | 1058.0 |
        Temple |    232 |    223 |      9 |      0 |    209 |   1 |  232.0 |
               +--------+--------+--------+--------+--------+-----+--------+

Top non-repeatable levels by time:
     D:3: 1400 daAuts
     D:4: 1178 daAuts
     D:2: 1074 daAuts
     D:1: 921 daAuts
     D:5: 716 daAuts
  Temple: 232 daAuts
